AoeStats
← polloasadom

Arabia

508569800Analyzed
1v1 RM · 10d ago on Sep 23, 2026· 25m 0s· 2 players
Game mode
Random Map
Map size
Tiny (2 player)
Population
200
Speed
Normal
Resources
Standard
Victory
Conquest
Starting age
Dark Age
Ending age
Imperial Age
RankedLock teamsTeams togetherTeam positionsShared explorationLock speedFull tech treeHidden civsTurbo modeCheats
Victory
Defeat
🇺🇸 Burgundians · United States
1135
+13
🇦🇷 Berbers · Argentina
1065
-13
polloasadom
4:51 Loom
9:34 Feudal Age
17:22 Double-Bit Axe
24:44 Castle Age
partial_winner
6:44 Loom
10:02 Feudal Age
10:15 Double-Bit Axe
10:10 Man-at-Arms
17:34 Fletching
24:20 Castle Age
22:02 Horse Collar
22:14 Gold Mining
24:06 Scale Barding Armor
24:12 Forging
Connection lost

Rejoining the realm…

Still unreachable

The connection could not be restored.

Session expired

The server has moved on; the page needs a fresh start.